 Dungeon Crawl Stone Soup version 0.22.1-1-ga44c0e56f4 (webtiles) character file.

31052 Peloso the Peltast (level 13, -6/112 HPs)
             Began as a Minotaur Fighter on Oct 22, 2018.
             Was the Champion of Okawaru.
             Engulfed by a steam dragon's steam (15 damage)
             ... on level 11 of the Dungeon.
             The game lasted 00:40:03 (18612 turns).

Peloso the Peltast (Minotaur Fighter)              Turns: 18612, Time: 00:40:04

Health: -6/112     AC: 20    Str: 25    XL:     13   Next: 23%
Magic:  12/12      EV:  7    Int:  5    God:    Okawaru [******]
Gold:   463        SH: 23    Dex:  8    Spells: 12/12 levels left

rFire    x . .     SeeInvis .   a - +2 scimitar (flame)
rCold    + . .     Gourm    .   h - +2 large shield {reflect}
rNeg     . . .     Faith    .   c - +0 plate armour
rPois    .         Spirit   .   (helmet restricted)
rElec    .         Reflect  +   (no cloak)
rCorr    .         Harm     .   i - +0 pair of gloves
MR       .....                  v - +2 pair of boots {Fly}
Stlth    ..........             C - amulet of the acrobat
HPRegen  0.28/turn              k - -3 ring of dexterity (curse)
MPRegen  0.13/turn              I - ring of ice

@: about to teleport, flying, studying Ice Magic
A: retaliatory headbutt, horns 2
a: Heroism, Finesse, Renounce Religion, Stop Flying


You were on level 11 of the Dungeon.
You worshipped Okawaru.
Okawaru was exalted by your worship.
You were not hungry.

You visited 2 branches of the dungeon, and saw 14 of its levels.
You visited the Abyss 1 time.
You also visited: Ice Cave.

You collected 763 gold pieces.
You spent 300 gold pieces at shops.

Inventory:

Hand Weapons
 a - a +2 scimitar of flaming (weapon)
Armour
 c - a +0 plate armour (worn)
 h - a +2 large shield of reflection (worn)
 i - a +0 pair of gloves (worn)
 v - a +2 pair of boots of flying (worn)
Jewellery
 e - an uncursed ring of resist corrosion
 g - the ring "Soeger" {+Blink +Fly rC- Dex+3}
   (You found it on level 10 of the Dungeon)

   [ring of flight]

   It affects your dexterity (+3).
   It makes you vulnerable to cold.
   It lets you fly.
   It lets you blink.
 k - a cursed -3 ring of dexterity (left hand)
 t - an uncursed ring of positive energy
 C - an amulet of the acrobat (around neck)
 I - a ring of ice (right hand)
Wands
 j - a wand of clouds (12)
 o - a wand of paralysis (2)
 q - a wand of random effects (25)
 r - a wand of iceblast (43)
 x - a wand of polymorph (9)
 J - a wand of flame (31)
Scrolls
 b - 2 scrolls of enchant armour
 n - a scroll of fog
 p - 5 scrolls of amnesia
 y - 6 scrolls of remove curse
 z - a scroll of enchant weapon
 A - a scroll of summoning {unknown}
 M - 2 scrolls of identify
Potions
 d - a potion of heal wounds
 l - 2 potions of resistance
 m - 5 potions of agility
 s - a potion of haste
 u - 3 potions of curing
 w - a potion of ambrosia
 B - a potion of berserk rage {unknown}
 D - a potion of invisibility {unknown}
 F - 2 potions of mutation {unknown}
 G - a potion of brilliance
Books
 K - a manual of Ice Magic
 L - a manual of Ice Magic
Miscellaneous
 E - a sack of spiders
 N - a lamp of fire
Comestibles
 f - 22 rations


   Skills:
 + Level 9.7 Fighting
   Level 0.3(8.8) Short Blades
 + Level 14.4 Long Blades
 + Level 11.5 Armour
 + Level 4.3 Dodging
 + Level 1.6 Stealth
 + Level 16.2 Shields
 + Level 1.2 Invocations
 + Level 1.1 Evocations


You had 12 spell levels left.
You didn't know any spells.
Your spell library contained the following spells:

 Spells                   Type           Power        Failure   Level  Hunger
 Animate Skeleton         Necr           N/A          100%        1    ##.....
 Pain                     Necr           #...         100%        1    ##.....
 Swiftness                Chrm/Air       #.......     100%        2    ###....
 Regeneration             Chrm/Necr      #.........   100%        3    ####...
 Vampiric Draining        Necr           #.........   100%        3    ####...
 Animate Dead             Necr           N/A          100%        4    #####..
 Summon Lightning Spire   Summ/Air       #.......     100%        4    #####..
 Borgnjor's Vile Clutch   Necr/Erth      #.........   100%        5    ######.
 Yara's Violent Unravell  Hex/Tmut       #.........   100%        5    ######.
 Conjure Ball Lightning   Conj/Air       #.........   100%        6    #######
 Deflect Missiles         Chrm/Air       #.........   100%        6    #######
 Shatter                  Erth           #.........   100%        9    #######


Dungeon Overview and Level Annotations

Branches:
Dungeon (13/15)            Temple (1/1) D:4            Lair (0/6) D:8
    Orc (0/2) D:9
 Vaults: D:13-14

Altars:
Ashenzari
Cheibriados
Fedhas
Gozag
Hepliaklqana
Makhleb
Nemelex Xobeh
Okawaru
Qazlal
Ru
Sif Muna
Trog
Vehumet
Wu Jian
Xom
Yredelemnul
Zin
The Shining One

Shops:
D:7 [

Annotations:
D:8 1 runed door, Grim's ghost, novice DEFE


Innate Abilities, Weirdness & Mutations

You reflexively headbutt those who attack you in melee.
You have a pair of horns on your head.


Message History

The flame cauterises the wound!
You slice the five-headed hydra!! You burn the five-headed hydra.
You kill the five-headed hydra!
Okawaru accepts your kill. Something appears at your feet!
Okawaru grants you ammunition!
A yak comes into view.
You see here a hydra corpse.
You see here 6 javelins of returning.
A steam dragon comes into view.
The steam dragon hisses angrily.
The steam dragon breathes steam at you. The ball of steam hits you!
The steam scalds you terribly!
* * * LOW HITPOINT WARNING * * *
The steam dragon moves out of view.
You hear a bellow!
As you read the scroll of teleportation, it crumbles to dust.
You feel strangely unstable.
You are engulfed in a cloud of scalding steam.
You die...

#.............Y....
#.........(..Y....
.................
##'#............
##..†..........D
#...#......§§.#
#...#......§§§#
......#...#......§§§#
......##..#.....@(..#
......##..#####.....#
........... #.....#
........... #.....#
........... #.....#
......# . #.....#
......##..
#.....######
..........
#.........(#
..........
#.%........#


You could see a yak (wandering).

Vanquished Creatures
  Josephine (D:11)
  A hydra (D:11)
  Erolcha (D:12)
  A centaur warrior (D:13)
  A tengu warrior (D:13)
  A two-headed ogre (D:12)
  Sonja (D:11)
  Nergalle (D:11)
  2 wizards
  Pikel (D:4)
  A necromancer (IceCv)
  A mana viper (shapeshifter) (D:13)
  2 deep elf magi
  A cyclops (D:11)
  A manticore (D:10)
  An ice statue (IceCv)
  3 ugly things
  A gargoyle (D:10)
  2 rime drakes (D:13)
  An efreet (D:13)
  10 freezing wraiths (IceCv)
  A tengu conjurer (D:13)
  3 trolls (D:10)
  A hippogriff (D:12)
  Sigmund (D:4)
  2 shadows
  6 wraiths
  24 yaks
  A death yak simulacrum (IceCv)
  A hungry ghost (D:12)
  Menkaure (D:6)
  Edmund (D:4)
  A soldier ant (D:12)
  2 water moccasins
  An acid dragon (D:12)
  7 orc warriors
  12 ice beasts
  A slave (D:4)
  5 sky beasts
  3 ogres
  A phantom (D:12)
  A black bear (D:12)
  2 eyes of draining
  2 wolves (D:11)
  A necrophage (D:9)
  A crocodile (D:9)
  9 centaurs
  4 bullfrogs
  A wyvern zombie (D:13)
  A wyvern skeleton (D:13)
  4 scorpions
  20 killer bees
  2 electric eels (D:9)
  11 howler monkeys
  9 crimson imps
  7 hounds
  2 quasits
  5 centaur zombies
  4 draconian simulacra (IceCv)
  7 jellies
  2 bullfrog zombies
  6 centaur skeletons
  4 orc priests
  10 orc wizards
  4 bullfrog skeletons
  Ijyb (D:3)
  Jessica (D:3)
  9 worker ants
  4 iguanas
  A troll simulacrum (IceCv)
  2 wolf simulacra (IceCv)
  A spriggan simulacrum (IceCv)
  A polar bear simulacrum (IceCv)
  4 centaur simulacra (IceCv)
  2 hound zombies
  4 hound skeletons
  A worker ant zombie (D:10)
  Robin (D:3)
  13 adders
  8 gnolls
  2 ogre simulacra (IceCv)
  8 naga simulacra (IceCv)
  3 shadow imps
  12 white imps (IceCv)
  An adder skeleton (D:6)
  A worm (D:3)
  2 dart slugs
  6 leopard geckos
  44 orcs
  11 giant cockroaches
  14 goblins
  9 hobgoblins
  15 jackals
  3 quokkas
  4 bats
  A frilled lizard (D:5)
  4 kobolds
  A quokka skeleton (D:7)
  3 rats
426 creatures vanquished.

Vanquished Creatures (others)
  3 centaurs
  6 plants (D:8)
  4 starspawn tentacles (Abyss:1)
13 creatures vanquished.

Grand Total: 439 creatures vanquished

Notes
Turn   | Place    | Note
-------+----------+-------------------------------------------
     0 | D:1      | Peloso the Minotaur Fighter began the quest for the Orb.
     0 | D:1      | Reached XP level 1. HP: 19/19 MP: 0/0
   100 | D:1      | Reached XP level 2. HP: 27/27 MP: 1/1
   184 | D:1      | Reached skill level 4 in Shields
   596 | D:2      | Found an opulent altar of Gozag.
   596 | D:2      | Found a sparkling altar of Nemelex Xobeh.
   611 | D:2      | Noticed a crimson imp
   621 | D:2      | Killed a crimson imp
   621 | D:2      | Reached XP level 3. HP: 34/34 MP: 2/2
   639 | D:2      | Reached skill level 1 in Dodging
   640 | D:2      | Reached XP level 4. HP: 41/41 MP: 3/3
   973 | D:2      | Found a shattered altar of Ashenzari.
  1120 | D:2      | Found a sacrificial altar of Ru.
  1123 | D:2      | Found a deep blue altar of Sif Muna.
  1126 | D:2      | Found a basalt altar of Yredelemnul.
  1389 | D:3      | Noticed Ijyb
  1394 | D:3      | Paralysed by Ijyb for 7 turns
  1404 | D:3      | Paralysed by Ijyb for 2 turns
  1406 | D:3      | Killed Ijyb
  1406 | D:3      | Reached XP level 5. HP: 32/47 MP: 4/4
  1495 | D:3      | Noticed Robin
  1512 | D:3      | Reached skill level 5 in Armour
  1519 | D:3      | Killed Robin
  1829 | D:3      | Noticed Jessica
  1832 | D:3      | Killed Jessica
  2297 | D:4      | Found a blossoming altar of Fedhas.
  2298 | D:4      | Found a stormy altar of Qazlal.
  2315 | D:4      | Reached XP level 6. HP: 30/53 MP: 5/5
  2345 | D:4      | Noticed Sigmund
  2356 | D:4      | Killed Sigmund
  2356 | D:4      | Reached skill level 5 in Shields
  2391 | D:4      | Noticed Edmund
  2401 | D:4      | Killed Edmund
  2401 | D:4      | Reached skill level 5 in Fighting
  2401 | D:4      | Reached skill level 5 in Long Blades
  2401 | D:4      | Reached XP level 7. HP: 24/61 MP: 6/6
  3291 | D:4      | Found a staircase to the Ecumenical Temple.
  3308 | Temple   | Entered the Ecumenical Temple
  3339 | Temple   | Became a worshipper of Warmaster Okawaru
  3565 | D:5      | Entered Level 5 of the Dungeon
  3583 | D:5      | Noticed Pikel
  3779 | D:4      | Killed Pikel
  3779 | D:4      | Reached skill level 6 in Shields
  3779 | D:4      | Reached skill level 1 in Evocations
  3779 | D:4      | Reached XP level 8. HP: 64/68 MP: 7/7
  4009 | D:5      | Reached * piety under Okawaru
  4377 | D:5      | Found a sacrificial altar of Ru.
  4402 | D:5      | Found a hazy altar of Hepliaklqana.
  4403 | D:5      | Found a shimmering altar of Xom.
  4404 | D:5      | Noticed a spectral ugly thing
  4456 | D:6      | Noticed Menkaure
  4462 | D:6      | Killed Menkaure
  4462 | D:6      | Reached skill level 7 in Shields
  4988 | D:6      | Reached XP level 9. HP: 68/75 MP: 8/8
  5056 | D:6      | Reached ** piety under Okawaru
  5729 | D:7      | Reached skill level 8 in Shields
  5790 | D:7      | Reached skill level 1 in Stealth
  5949 | D:7      | Reached skill level 10 in Long Blades
  5971 | D:7      | Found Fyucecasch's Antique Armour Shoppe.
  5983 | D:7      | Bought a runed large shield for 150 gold pieces
  5983 | D:7      | Bought a pair of runed boots for 150 gold pieces
  6172 | D:8      | Found a runed door.
  6172 | D:8      | Noticed a polar bear
  6173 | D:8      | Noticed Grim's ghost (novice DEFE)
  6409 | D:8      | Found a staircase to the Lair.
  6472 | D:8      | Reached *** piety under Okawaru
  6727 | D:8      | Cast into level 1 of the Abyss (gnoll)
  6764 | Abyss:1  | Noticed an ancient zyme
  6810 | Abyss:1  | Noticed a tentacled starspawn
  6831 | Abyss:1  | Noticed a sixfirhy
  6865 | D:8      | Escaped the Abyss
  6878 | D:8      | Reached XP level 10. HP: 56/86 MP: 9/9
  7775 | D:9      | Reached skill level 9 in Shields
  8504 | D:9      | Reached **** piety under Okawaru
  9033 | D:9      | Reached skill level 10 in Shields
  9130 | D:9      | Reached ***** piety under Okawaru
  9185 | D:9      | Found a staircase to the Orcish Mines.
  9604 | D:10     | Entered Level 10 of the Dungeon
  9607 | D:10     | Got a translucent wooden ring
  9620 | D:10     | Identified the ring "Soeger" {+Blink +Fly rC- Dex+3} (You
                  | found it on level 10 of the Dungeon)
  9929 | D:10     | Noticed a wizard
  9935 | D:10     | Noticed a wizard
  9939 | D:10     | Killed a wizard
  9939 | D:10     | Reached skill level 11 in Shields
  9939 | D:10     | Reached XP level 11. HP: 94/94 MP: 7/10
  9942 | D:10     | Identified the Catalogue of Plaster Cramp
  9953 | D:10     | Noticed a deep elf mage
  9954 | D:10     | Noticed a deep elf mage
  9958 | D:10     | Killed a deep elf mage
  9964 | D:10     | Identified Ts'ui Pên's Grimoire of Forking Paths
  9971 | D:10     | Identified the Handbook of Combed Thunderclap
 10196 | D:10     | Reached skill level 10 in Armour
 10433 | D:10     | Received a gift from Okawaru
 10632 | D:10     | Reached skill level 12 in Shields
 11133 | D:11     | Noticed Nergalle
 11167 | D:11     | Killed Nergalle
 11560 | D:11     | Noticed Josephine
 11579 | D:11     | Killed Josephine
 11607 | D:11     | Reached skill level 13 in Shields
 11841 | D:11     | Noticed Sonja
 11891 | D:11     | Received a gift from Okawaru
 12453 | D:11     | Noticed a white ugly thing
 12453 | D:11     | Noticed an eight-headed hydra
 12475 | D:12     | Reached XP level 12. HP: 69/103 MP: 11/11
 12518 | D:12     | Paralysed by a wizard for 4 turns
 12681 | D:12     | Noticed a two-headed ogre
 12688 | D:12     | Killed a two-headed ogre
 12688 | D:12     | Reached skill level 14 in Shields
 13229 | D:12     | Noticed Erolcha
 13241 | D:12     | Killed Erolcha
 13790 | D:13     | Reached skill level 1 in Invocations
 13818 | D:13     | Found a glowing silver altar of Zin.
 13878 | D:13     | Found a frozen archway.
 13926 | IceCv    | Entered an ice cave
 14513 | IceCv    | Reached ****** piety under Okawaru
 14878 | IceCv    | Reached skill level 15 in Shields
 15418 | IceCv    | Found an ancient bone altar of Kikubaaqudgha.
 17174 | D:13     | Noticed a centaur warrior
 17196 | D:13     | Killed a centaur warrior
 17197 | D:13     | Noticed a tengu warrior
 17207 | D:13     | Received a gift from Okawaru
 17221 | D:13     | Killed a tengu warrior
 17231 | D:13     | Reached XP level 13. HP: 89/111 MP: 12/12
 17947 | D:13     | Reached skill level 16 in Shields
 18570 | D:11     | Killed Sonja
 18608 | D:11     | Received a gift from Okawaru
 18612 | D:11     | Engulfed by a steam dragon's steam

Skill      XL: |  1  2  3  4  5  6  7  8  9 10 11 12 13 |
---------------+----------------------------------------+-----
Shields        | 4 5 6 7 8 11 13 15 16 | 16.2
Fighting       | 4 5 7 8 9 |  9.7
Armour         | 4 5 6 7 8 9 10 11 | 11.5
Dodging        | 1 2 3 4 |  4.3
Long Blades    | 3 4 5 6 8 10 12 13 14 | 14.4
Evocations     | 1 |  1.1
Stealth        | 1 |  1.6
Invocations    | 1 |  1.2
Short Blades   | |  0.3

Action                   |  1- 3 |  4- 6 |  7- 9 | 10-12 | 13-15 || total
-------------------------+-------+-------+-------+-------+-------++-------
Melee: Short sword       |    35 |       |       |       |       ||    35
       Long sword        |    13 |   113 |   426 |  1267 |    89 ||  1908
       Headbutt          |     6 |    16 |    84 |   281 |    31 ||   418
       Scimitar          |       |       |       |       |    68 ||    68
Invok: Heroism           |       |       |     1 |    13 |     1 ||    15
Evoke: Wand              |       |     6 |       |       |       ||     6
  Use: Scroll            |     6 |     4 |     7 |     7 |     1 ||    25
       Potion            |     2 |     1 |       |     3 |       ||     6
  Eat: Chunk             |       |     5 |    14 |    20 |     2 ||    41
       Ration            |       |       |       |     5 |     1 ||     6
Armor: Scale mail        |    12 |    63 |     6 |       |       ||    81
       Chain mail        |       |       |   162 |     3 |       ||   165
       Plate armour      |       |       |       |   442 |    44 ||   486
Dodge: Dodged            |    18 |    54 |    83 |   144 |    16 ||   315
Block: Shield            |    16 |    81 |   175 |       |       ||   272
       Large shield      |       |       |    97 |  1271 |   133 ||  1501
       Reflection        |       |       |     5 |    28 |     4 ||    37
       Rpst.: Long sword |     4 |    12 |    22 |    33 |     2 ||    73
       Scimitar          |       |       |       |       |     2 ||     2
